 Dungeon Crawl Stone Soup version 0.30-a0-578-gdee14c521f (webtiles) character file.

Game seed: 15629695507643661044

3355 HyperVT the Zephyrmancer (level 10, -4/47 HPs)
             Began as a Tengu Air Elementalist on Jan 1, 2023.
             Slain by a black mamba (10 damage)
             ... on level 1 of the Lair of Beasts.
             The game lasted 01:42:48 (8970 turns).

HyperVT the Zephyrmancer (Tengu Air Elementalist)   Turns: 8970, Time: 01:42:49

Health: -4/47      AC:  3    Str:  8    XL:     10   Next: 3%
Magic:  21/22      EV: 16    Int: 20    God:
Gold:   456        SH:  0    Dex: 15    Spells: 13/24 levels left

rFire   + . .      SeeInvis +    p - staff of air
rCold   + + +      Faith    .    (no shield)
rNeg    . . .      Spirit   .    m - +1 robe of Lemmyt {rPois rC++}
rPois   +          Reflect  .    (helmet restricted)
rElec   +          Harm     .    (no cloak)
rCorr   .          Rampage  .    (no gloves)
Will    +....                    (boots unavailable)
Stlth   ++                       (no amulet)
HPRegen 0.27/turn                f - ring "Vagevi" {rPois rF+ rC+}
MPRegen 0.18/turn                k - ring of see invisible

@: attractive, flying quickly and evasively, unable to drink, quick
A: beak, talons 3, nimble flight, frail 1, strong-willed 1, inability to drink
after injury 1
a: no special abilities


You were on level 1 of the Lair of Beasts.
You visited 3 branches of the dungeon, and saw 10 of its levels.

You collected 512 gold pieces.
You spent 56 gold pieces at shops.

Inventory:

Hand Weapons
 s - the +5 spear "Ibrah" {holy, rElec Int+3}
   (You found it on level 7 of the Dungeon)

   It has been blessed by the Shining One to cause great damage to the undead
   and demons.
   Int:       It affects your intelligence (+3).
   rElec:     It insulates you from electricity.
Missiles
 x - 12 boomerangs of dispersal
Armour
 i - a +2 robe of cold resistance
 m - the +1 robe of Lemmyt (worn) {rPois rC++}
   (You found it on level 2 of the Dungeon)

   rC:        It greatly protects you from cold.
   rPois:     It protects you from poison.
Magical Staves
 p - a staff of air (weapon)
Jewellery
 f - the ring "Vagevi" (left hand) {rPois rF+ rC+}
   (You found it on level 5 of the Dungeon)

   [ring of poison resistance]

   rF:        It protects you from fire.
   rC:        It protects you from cold.
   rPois:     It protects you from poison.
 k - a ring of see invisible (right hand)
 t - a ring of positive energy
 z - a +4 ring of protection
Wands
 w - a wand of mindburst (3)
Scrolls
 b - a scroll of silence
 d - a scroll of fog
 e - a scroll of enchant armour
 l - a scroll of magic mapping
 n - a scroll of enchant weapon
Potions
 a - a potion of attraction
 g - a potion of might {unknown}
 h - a potion of resistance {unknown}
 j - 2 potions of invisibility {unknown}
 q - 2 potions of flight
 r - a potion of lignification {unknown}
 u - 3 potions of berserk rage


   Skills:
 + Level 2.2 Fighting
 + Level 1.2 Polearms
 + Level 3.7 Dodging
 + Level 3.2 Stealth
 + Level 7.9 Spellcasting
 + Level 8.4 Conjurations
 + Level 0.5 Hexes
 + Level 10.4 Air Magic
 + Level 1.0 Evocations


You had 13 spell levels left.
You knew the following spells:

 Your Spells              Type           Power      Damage    Failure   Level
a - Shock                 Conj/Air       100%       1d9       1%          1
b - Slow                  Hex            40%        N/A       7%          1
c - Swiftness             Air            65%        N/A       1%          3
d - Airstrike             Air            32%        2d(5-21)  1%          4
e - Static Discharge      Conj/Air       100%       2-7/arc   1%          2

Your spell library contained the following spells:

 Spells                   Type           Power      Damage    Failure   Level
 Summon Small Mammal      Summ           28%        N/A       9%          1
 Confusing Touch          Hex            10%        N/A       21%         3
 Summon Guardian Golem    Hex/Summ       8%         N/A       24%         3
 Call Canine Familiar     Summ           7%         N/A       26%         3
 Vampiric Draining        Necr           7%         2d6       26%         3


Dungeon Overview and Level Annotations

Branches:
Dungeon (8/15)             Temple (1/1) D:5            Lair (1/5) D:8

Altars:
Ashenzari
Fedhas
Gozag
Hepliaklqana
Okawaru
Qazlal
Ru
Sif Muna
Vehumet
Xom
Zin
The Shining One

Shops:
D:4 =   D:6 =   D:8 ?

Annotations:
D:5 Sigmund


Innate Abilities, Weirdness & Mutations

You have a beak for a mouth.
You have claws for feet.
Your magical nature lets you fly swiftly and evasively.
You are frail. (-10% HP)
You are strong-willed. (Will+)
You occasionally lose the ability to drink potions when taking damage.


Message History

Your Evocations skill increases to level 1!
You have reached level 10!
Casting: Shock (safe; 1% risk of failure)
Confirm with . or Enter, or press ? or * to list all spells.
Aiming: Shock (safe; 1% risk of failure)
Press: ? - help, Shift-Dir - straight line, f - black mamba, p - blink frog
Aim: a black mamba (57% to hit)
You feel a surge of power!
The zap misses the blink frog.
The zap hits the black mamba.
The black mamba is lightly wounded.
Your wolf dissolves into shadows!
The blink frog closely misses you.
The blink frog barely misses your scorpion.
Your scorpion misses the blink frog.
Your wyvern bites the blink frog.
The blink frog hits your scorpion!
Your wyvern misses the blink frog.
Your scorpion barely misses the blink frog.
The blink frog closely misses your scorpion.
Your wyvern bites the blink frog!
Your scorpion stings the blink frog.
The blink frog blinks!
The blink frog closely misses you.
The blink frog attacks as you move away!
The blink frog hits you.
The blink frog blinks!
The blink frog falls through a shaft!
The shaft crumbles and collapses.
The black mamba closely misses you.
Aiming: Mindburst
Press: ? - help, Q - select action, (/) - cycle Shift-Dir - straight line, f/p - black mamba
Aim: a black mamba (lightly wounded, ally target, chance to affect: 69%)
The black mamba struggles to resist.
The black mamba closely misses you.
It was a potion of attraction.
You feel attractive to monsters. The black mamba bites you!
You feel threatened and lose the ability to drink potions!
* * * LOW HITPOINT WARNING * * *
The black mamba bites you.
* * * LOW HITPOINT WARNING * * *
Your wyvern bites the black mamba.
The black mamba misses you. The black mamba bites you!
You die...

...# ...## #..P #..## #...# #######.†#
###### # #
.........####.##.####.######.####
....§............................
........>....slS@.....................^..
.....................


You could see a black mamba (ally target), a friendly wyvern (summoned) and a
friendly scorpion (summoned).

Vanquished Creatures
  A steam dragon (D:6)
  A water moccasin (D:8)
  2 orc warriors
  2 sky beasts
  2 black bears (D:6)
  An ogre (D:5)
  A centaur (D:6)
  A kobold brigand (D:7)
  3 bullfrogs
  A scorpion (D:4)
  9 wights
  3 killer bees (D:7)
  2 hounds
  2 jellies
  8 orc priests
  Jessica (D:3)
  An iguana (D:7)
  4 orc wizards
  4 adders
  2 shadow imps
  3 white imps
  3 ufetubi
  4 worms
  38 orcs
  5 endoplasms
  A giant cockroach (D:3)
  9 hobgoblins
  4 jackals (D:3)
  7 quokkas
  4 ball pythons
  6 bats
  3 goblins
  12 kobolds
  6 rats
156 creatures vanquished.

Vanquished Creatures (collateral kills)
  A cane toad (Lair:1)
  A rime drake (Lair:1)
  A blink frog (Lair:1)
  An orc (D:6)
4 creatures vanquished.

Vanquished Creatures (others)
  An orc wizard (D:7)
  4 fungi (Lair:1)
  A plant (Lair:1)
6 creatures vanquished.

Grand Total: 166 creatures vanquished

Notes
Turn   | Place    | Note
-------+----------+-------------------------------------------
     0 | D:1      | HyperVT the Tengu Air Elementalist began the quest for the
                  | Orb.
     0 | D:1      | Reached XP level 1. HP: 10/10 MP: 4/4
   856 | D:1      | Reached XP level 2. HP: 15/15 MP: 4/6
  1222 | D:2      | Found a shimmering altar of Xom.
  1268 | D:2      | Found a faded altar of an unknown god.
  1412 | D:2      | Learned a level 1 spell: Slow
  1480 | D:2      | Reached XP level 3. HP: 14/19 MP: 0/7
  1687 | D:2      | Identified the +1 robe of Lemmyt {rPois rC++}
  1753 | D:2      | Reached skill level 5 in Air Magic
  1808 | D:3      | Learned a level 3 spell: Swiftness
  2037 | D:3      | Noticed Jessica
  2039 | D:3      | Killed Jessica
  2040 | D:3      | Reached XP level 4. HP: 24/24 MP: 4/9
  2106 | D:3      | Found an opulent altar of Gozag.
  2361 | D:3      | Gained mutation: Your magical nature lets you fly swiftly
                  | and evasively. [Tengu growth]
  2361 | D:3      | Reached XP level 5. HP: 26/28 MP: 3/10
  2438 | D:3      | Identified the +1 leather armour of Resonance {rC+}
  2631 | D:3      | Found a stormy altar of Qazlal.
  2820 | D:4      | Found Tujiji's Jewellery Boutique.
  2858 | D:4      | Found a radiant altar of Vehumet.
  2895 | D:4      | Found a glowing silver altar of Zin.
  2905 | D:4      | Noticed a phantom
  3027 | D:4      | Learned a level 4 spell: Airstrike
  3159 | D:4      | Noticed an ogre
  3186 | D:5      | Entered Level 5 of the Dungeon
  3356 | D:5      | Noticed an ogre
  3546 | D:4      | Found a broken altar of Ashenzari.
  3994 | D:5      | Reached XP level 6. HP: 33/33 MP: 9/12
  4011 | D:5      | Noticed Sigmund
  4030 | D:5      | Reached skill level 6 in Air Magic
  4069 | D:5      | Identified the ring "Vagevi" {rPois rF+ rC+}
  4298 | D:5      | Found a staircase to the Ecumenical Temple.
  4311 | Temple   | Entered the Ecumenical Temple
  4391 | D:6      | Noticed a sky beast
  4410 | D:6      | Noticed a black bear
  4425 | D:6      | Found a shimmering altar of Xom.
  4454 | D:6      | HP: 1/33 [black bear (1)]
  4520 | D:6      | Killed a black bear
  4521 | D:6      | Reached skill level 1 in Fighting
  4521 | D:6      | Reached XP level 7. HP: 38/38 MP: 8/14
  4655 | D:6      | Reached skill level 7 in Air Magic
  5094 | D:6      | Found an iron altar of Okawaru.
  5178 | D:6      | Found Nehil's Jewellery Emporium.
  5216 | D:6      | Found a sacrificial altar of Ru.
  5371 | D:6      | Reached skill level 5 in Spellcasting
  5548 | D:6      | Noticed a steam dragon
  5683 | D:7      | Reached XP level 8. HP: 35/43 MP: 8/16
  5795 | D:7      | Reached skill level 5 in Conjurations
  5996 | D:7      | Reached skill level 8 in Air Magic
  6115 | D:7      | Found a shimmering blue altar of Sif Muna.
  6123 | D:7      | Identified the +5 spear "Ibrah" {holy, rElec Int+3}
  6320 | D:7      | Learned a level 2 spell: Static Discharge
  6691 | D:7      | Found a blossoming altar of Fedhas.
  7127 | D:6      | Reached XP level 9. HP: 48/48 MP: 13/19
  7137 | D:6      | Reached skill level 9 in Air Magic
  7254 | D:8      | Found a staircase to the Lair.
  7635 | D:8      | Gained mutation: You are agile. (Dex +4, Str/Int -1)
                  | [potion of mutation]
  7635 | D:8      | Gained mutation: You expend magic power (3 MP) to
                  | strengthen your wands. [potion of mutation]
  7640 | D:8      | Lost mutation: You are agile. (Dex +4, Str/Int -1) [potion
                  | of mutation]
  7640 | D:8      | Lost mutation: You expend magic power (3 MP) to strengthen
                  | your wands. [potion of mutation]
  7640 | D:8      | Gained mutation: You occasionally lose the ability to drink
                  | potions when taking damage. [potion of mutation]
  7640 | D:8      | Gained mutation: You are clumsy. (Dex -2) [potion of
                  | mutation]
  7640 | D:8      | Gained mutation: Your flesh is heat resistant. (rF+)
                  | [potion of mutation]
  7641 | D:8      | Lost mutation: You occasionally lose the ability to drink
                  | potions when taking damage. [potion of mutation]
  7641 | D:8      | Lost mutation: Your flesh is heat resistant. (rF+) [potion
                  | of mutation]
  7641 | D:8      | Lost mutation: You are clumsy. (Dex -2) [potion of
                  | mutation]
  7641 | D:8      | Gained mutation: You occasionally lose the ability to drink
                  | potions when taking damage. [potion of mutation]
  7641 | D:8      | Gained mutation: You are strong-willed. (Will+) [potion of
                  | mutation]
  7641 | D:8      | Gained mutation: You are frail. (-10% HP) [potion of
                  | mutation]
  7816 | D:8      | Noticed a troll
  8391 | D:8      | Found Quet Vaq's Magic Scroll Boutique.
  8398 | D:8      | Bought a scroll of identify for 28 gold pieces
  8398 | D:8      | Bought a scroll of identify for 28 gold pieces
  8488 | D:8      | Found a hazy altar of Hepliaklqana.
  8721 | Lair:1   | Entered Level 1 of the Lair of Beasts
  8721 | Lair:1   | Noticed a rime drake
  8883 | Lair:1   | Noticed a cane toad
  8936 | Lair:1   | Noticed a cane toad
  8942 | Lair:1   | Killed a rime drake
  8946 | Lair:1   | Killed a cane toad
  8947 | Lair:1   | Reached skill level 1 in Polearms
  8947 | Lair:1   | Reached skill level 10 in Air Magic
  8958 | Lair:1   | Noticed a black mamba
  8960 | Lair:1   | Reached skill level 1 in Evocations
  8960 | Lair:1   | Reached XP level 10. HP: 18/47 MP: 20/22
  8970 | Lair:1   | Slain by a black mamba

Illustrated notes

Levels and vault maps discovered:
D:1:      dpeg_chamrin_arrival_tetris, layout_basic
D:2:      layout_loops_ring, basic_altar,
          shapermc_ecumenical_altar_starsandcircs
D:3:      layout_loops_ring, mainiacjoe_overflow_alcove_2, marbit_many_paths,
          uniq_jessica
D:4:      layout_basic, vehumet_crystals, mainiacjoe_overflow_24_doors,
          kennysheep_mini, serial_shops, nicolae_stop_n_shop_2,
          kennysheep_windowed_goal
D:5:      layout_cave_pools, minmay_temple_entry_overgrown, uniq_sigmund
D:6:      layout_basic, xom_teletrap_fun, okawaru_altar_gauntlet_db,
          nicolae_ru_sacrificial_ziggurat, serial_shops, shop
D:7:      layout_basic, overflow_temple_1_default, mainiacjoe_overflow_alcove_1,
          minmay_unpleasant_kobolds
D:8:      minmay_cornered_nines, layout_loops_corners,
          overflow_temple_1_default, dpeg_oklobed_lair, serial_shops,
          nicolae_shop_window_shopping
Temple:   bh_familiar_temple
Lair:1:   layout_long_grid

Skill      XL: |  1  2  3  4  5  6  7  8  9 |
---------------+----------------------------+-----
Air Magic      | 5 6 7 8 10 | 10.4
Conjurations   | 2 3 4 6 8 |  8.4
Spellcasting   | 3 4 5 6 7 |  7.9
Fighting       | 1 2 |  2.2
Dodging        | 3 |  3.7
Stealth        | 3 |  3.2
Polearms       | 1 |  1.2
Evocations     | 1 |  1.0
Hexes          | |  0.5

Action                   |  1- 3 |  4- 6 |  7- 9 | 10-12 || total
-------------------------+-------+-------+-------+-------++-------
Melee: Unarmed           |     7 |       |       |       ||     7
       Kick              |     4 |       |     7 |       ||    11
       Peck              |     1 |       |     1 |       ||     2
       Staff             |       |       |     5 |       ||     5
       Spear             |       |       |    14 |       ||    14
 Cast: Shock             |    82 |    96 |   209 |     1 ||   388
       Slow              |     1 |     3 |     1 |       ||     5
       Swiftness         |       |     2 |       |       ||     2
       Airstrike         |       |       |    12 |       ||    12
       Static Discharge  |       |       |     7 |       ||     7
Evoke: Wand              |       |       |     6 |     1 ||     7
  Use: Scroll            |     3 |    17 |    15 |       ||    35
       Potion            |       |     4 |     9 |     1 ||    14
 Stab: Sleeping          |     1 |       |       |       ||     1
Armor: Robe              |     2 |     3 |    14 |       ||    19
Dodge: Dodged            |    11 |    32 |    97 |     5 ||   145

Table legend: (Time is in decaauts)
 A = Elapsed time spent in this place.
 B = Non-inter-level travel time spent in this place.
 C = Inter-level travel time spent in this place.
 D = Time resting spent in this place.
 E = Time spent auto-exploring this place.
 F = Levels seen in this place.
 G = Mean time per level.
                   A        B        C        D        E       F      G
               +--------+--------+--------+--------+--------+-----+--------+
         Total |   8546 |   6900 |   1646 |   1586 |   3655 |  10 |  854.6 |
       Dungeon |   8296 |   6709 |   1587 |   1530 |   3570 |   8 | 1037.0 |
        Temple |     12 |      3 |      9 |      0 |      0 |   1 |   12.0 |
          Lair |    237 |    187 |     50 |     56 |     85 |   1 |  237.0 |
               +--------+--------+--------+--------+--------+-----+--------+

Top non-repeatable levels by time:
     D:8: 1419 daAuts
     D:6: 1343 daAuts
     D:7: 1333 daAuts
     D:1: 1037 daAuts
     D:3: 994 daAuts
     D:4: 896 daAuts
     D:2: 756 daAuts
     D:5: 515 daAuts
  Lair:1: 237 daAuts
  Temple: 12 daAuts
